Map: Stargazers

Players

MattBarry

  • Race: Protoss Protoss
  • League: Silver
  • Spawn Location: 11:00

Fistula

  • Race: Protoss Protoss
  • League: Gold
  • Spawn Location: 1:00

VOD

Have the link to the VOD?

Description

Time

  • Played on: Jan. 20, 2023, 2:59 a.m.
  • Length: 13:01
Show
View Real Time Build Order
Export as new Build Order

MattBarry Protoss 

Build Orders: Cannon Rush 

Get SALT Encoding   

  12  0:00  Probe  
  13  0:12  Probe  
  14  0:19  Pylon  
  14  0:26  Probe (Chrono Boost)  
  15  0:37  Probe (Chrono Boost)  
  15  0:40  Forge  
  16  1:03  Pylon  
  16  1:08  Pylon  
  16  1:24  Photon Cannon  
  16  1:27  Photon Cannon  
  16  1:30  Pylon  
  16  1:47  Pylon  
  16  1:57  Photon Cannon  
  16  2:06  Photon Cannon  
  16  2:15  Photon Cannon  
  16  2:29  Photon Cannon  
  16  2:30  Photon Cannon  
  16  2:34  Pylon  
  11  2:52  Pylon  
Show
View Real Time Build Order
Export as new Build Order

Fistula Protoss 

Build Orders:  

Get SALT Encoding   

  12  0:03  Probe (Chrono Boost)  
  13  0:12  Probe (Chrono Boost)  
  14  0:17  Probe (Chrono Boost)  
  15  0:40  Pylon  
  15  1:01  Gateway x2  
  15  1:03  Gateway  
  15  1:09  Gateway  
  15  1:18  Pylon  
  15  1:24  Pylon  
  15  1:50  Zealot x2  
  19  1:56  Zealot (Chrono Boost)  
  21  2:19  Zealot (Chrono Boost)  
  25  2:25  Zealot (Chrono Boost)  
  25  2:28  Zealot (Chrono Boost)  
  25  2:29  Zealot (Chrono Boost)  
  24  2:41  Zealot  
  26  2:55  Zealot  
  20  5:52  Zealot  
  23  6:01  Zealot  
  23  6:03  Pylon  
Tags
 
Matchup
PvP
Replay Pack
Multiplayer
Spawn Locations
Close Positions
Add a new tag
Caveats
  • Supply blocks, unpowered buildings, or Contaminate may cause inaccurate times.
  • Supply counts are checked every 10 seconds.